 Dungeon Crawl Stone Soup version 0.29.1-15-g9cfb28693d (webtiles) character file.

Game seed: 14225709677033585935

4820 ThatPearl the Artisan of Death (level 10, -11/79 HPs)
             Began as a Demonspawn Necromancer on Mar 12, 2023.
             Was a Priest of Kikubaaqudgha.
             Mangled by a small abomination (17 damage)
             ... on level 2 of the Abyss.
             The game lasted 00:45:03 (10983 turns).

ThatPearl the Artisan of Death (DsNe)              Turns: 10983, Time: 00:45:04

Health: -11/79     AC:  6    Str:  9    XL:     10   Next: 24%
Magic:  15/20      EV: 15    Int: 21    God:    Kikubaaqudgha [***...]
Gold:   471        SH:  0    Dex: 13    Spells: 6/23 levels left

rFire   + . .      SeeInvis .   z - +6 hand axe "Vuadaxupp" {pain, rPois}
rCold   + . .      Faith    .   (no shield)
rNeg    . . .      Spirit   .   a - +0 robe
rPois   +          Reflect  .   (no helmet)
rElec   .          Harm     .   (no cloak)
rCorr   .          Rampage  .   F - +0 pair of gloves
Will    ++...                   w - +2 pair of boots
Stlth   ++........              (no amulet)
HPRegen 0.23/turn               e - ring "Ishryeg" {rF+ rC+ Will++}
MPRegen 0.17/turn               B - ring of wizardry

@: no status effects
A: repulsion field 1, demonic guardian 1, foul stench 1, weakness stinger 2
a: Renounce Religion, Unearth Wretches


You were on level 2 of the Abyss.
You worshipped Kikubaaqudgha.
Kikubaaqudgha was most pleased with you.
You visited 2 branches of the dungeon, and saw 9 of its levels.
You visited the Abyss 1 time.
You also visited: Ossuary.

You collected 471 gold pieces.

Inventory:

Hand Weapons
 g - a +0 sling
 v - a +0 war axe
 z - the +6 hand axe "Vuadaxupp" (weapon) {pain, rPois}
   (You found it on level 5 of the Dungeon)

   In the hands of one skilled in necromantic magic, it inflicts extra damage on
   living creatures.
   rPois:     It protects you from poison.
 N - a +2 trident of flaming
Missiles
 y - 7 boomerangs
 L - 4 curare-tipped darts
 O - 3 silver boomerangs
 P - a throwing net
Armour
 a - a +0 robe (worn)
 w - a +2 pair of boots (worn)
 F - a +0 pair of gloves (worn)
Jewellery
 e - the ring "Ishryeg" (left hand) {rF+ rC+ Will++}
   (You acquired it on level 5 of the Dungeon)

   [ring of protection from fire]

   rF:        It protects you from fire.
   rC:        It protects you from cold.
   Will:      It greatly increases your willpower.
 f - a ring of poison resistance
 p - a ring of protection from cold
 B - a ring of wizardry (right hand)
 J - a +4 ring of evasion
 Q - a ring of resist corrosion
 R - a +6 ring of dexterity
Wands
 s - a wand of flame (18)
Scrolls
 d - 4 scrolls of teleportation {unknown}
 i - a scroll of silence {unknown}
 j - a scroll of enchant weapon {unknown}
 l - a scroll of vulnerability {unknown}
 m - 2 scrolls of brand weapon {unknown}
 r - a scroll of amnesia {unknown}
 u - 5 scrolls of immolation
 E - a scroll of blinking {unknown}
 I - 2 scrolls of identify
 M - a scroll of poison {unknown}
Potions
 b - a potion of magic
 c - 2 potions of lignification
 h - a potion of resistance {unknown}
 k - 2 potions of brilliance {unknown}
 n - a potion of attraction {unknown}
 o - a potion of might {unknown}
 q - a potion of berserk rage
 x - 2 potions of curing
 C - 2 potions of heal wounds
 D - 2 potions of haste {unknown}
 H - 2 potions of flight {unknown}


   Skills:
 + Level 7.6 Fighting
 + Level 3.2 Dodging
 - Level 1.7 Stealth
 + Level 7.3 Spellcasting
 - Level 6.1 Summonings
 + Level 9.5 Necromancy
 + Level 1.2 Earth Magic


You had 6 spell levels left.
You knew the following spells:

 Your Spells              Type           Power      Damage    Failure   Level
b - Blink                 Tloc           14%        N/A       5%          2
c - Call Canine Familiar  Summ           33%        N/A       1%          3
d - Vampiric Draining     Necr           47%        2d9       1%          3
g - Summon Guardian Gole  Hex/Summ       20%        N/A       3%          3
n - Necrotise             Necr           100%       1d9       1%          1
v - Borgnjor's Vile Clut  Necr/Erth      15%        N/A       11%         5

Your spell library contained the following spells:

 Spells                   Type           Power      Damage    Failure   Level
 Summon Small Mammal      Summ           100%       N/A       1%          1
 Sublimation of Blood     Necr           47%        N/A       1%          2
 Animate Dead             Necr           47%        N/A       1%          4
 Dispel Undead            Necr           47%        3d18      1%          4
 Agony                    Necr           47%        N/A       1%          5
 Lesser Beckoning         Tloc           7%         N/A       11%         3
 Death Channel            Necr           23%        N/A       11%         6
 Summon Forest            Summ/Tloc      10%        N/A       26%         5
 Simulacrum               Ice/Necr       13%        N/A       56%         6
 Manifold Assault         Tloc           7%         N/A       65%         5
 Dispersal                Tloc           3%         N/A       99%         6
 Eringya's Noxious Bog    Tmut/Pois      3%         N/A       99%         6
 Summon Hydra             Summ           16%        N/A       90%         7
 Disjunction              Tloc           3%         N/A       100%        8


Dungeon Overview and Level Annotations

Branches:
Dungeon (8/15)             Temple (1/1) D:4            Lair (0/5) D:8
Ossuary (visited)

Altars:
Ashenzari
Cheibriados
Dithmenos
Fedhas
Gozag
Hepliaklqana
Kikubaaqudgha
Makhleb
Nemelex Xobeh
Okawaru
Qazlal
Ru
Sif Muna
Trog
Uskayaw
Vehumet
Wu Jian
Xom
Yredelemnul
Jiyva

Shops:
D:4 :

Annotations:
D:8 1 transporter, Psyche


Innate Abilities, Weirdness & Mutations

You are surrounded by a mild repulsion field. (EV +2)
A weak demonic guardian rushes to your aid.
You may rarely emit foul miasma when damaged in melee.
You have a tail ending in a sharp stinger.


Message History

Something hits you!
You are cast into the Abyss!
This branch contains the abyssal rune of Zot.
Reactivating autopickup.
Found a gateway leading deeper into the Abyss.
A starcursed mass comes into view.
There is a gateway leading deeper into the Abyss, spattered with blood here.
You plunge deeper into the Abyss.
A small abomination comes into view.
You feel a little less agile now.
You barely miss the small abomination.
The small abomination barely misses you.
The small abomination hits you!!
You closely miss the small abomination.
Your tail-slap misses the small abomination.
The small abomination barely misses you.
You hit the small abomination.
The small abomination is lightly damaged.
The small abomination hits you but does no damage.
The small abomination hits you.
You hit the small abomination but do no damage.
The small abomination is lightly damaged.
The small abomination hits you!!
The small abomination barely misses you.
Casting: Summon Guardian Golem (dangerous; 3% risk of failure)
Confirm with . or Enter, or press ? or * to list all spells.
Aiming: Borgnjor's Vile Clutch (dangerous; 11% risk of failure)
Press: ? - help, Shift-Dir - straight line, f - small abomination
Aim: a small abomination (lightly damaged, 100% to hit)
Zombie hands grab the small abomination.
The zombie hands constrict the small abomination.
The small abomination hits you!
The zombie hands constrict the small abomination!
The small abomination escapes!
The small abomination hits you!!
* * * LOW HITPOINT WARNING * * *
A demonic guardian appears!
The small abomination attacks as you move away!
The small abomination hits you!
You die...
Kikubaaqudgha rasps: "You have failed me!
Welcome... death!"

... .... .##.#.# #..
... ##. ....#......#
.....#. ##.## #....
# ##.....##.........
..#
..#.##.#..#....#....
.#
#.#..#.#...#...#.. .
....##.#.......#
..#. #
#....x...#..#. . ..
# .#@##...#.# ..##
.. ##.####.## . .
##. #5 ##...#.#.. #
.. ...... #. ###
#... .. #.# ... #..#
..# ...


You could see a small abomination (ally target) and a friendly quasit
(summoned).

Vanquished Creatures
  A wyvern (D:7)
  6 yaks
  A steam dragon (D:8)
  Edmund (D:6)
  2 ice beasts
  3 black bears
  3 orc warriors
  2 sky beasts (D:7)
  3 centaurs
  2 ogres (D:5)
  A phantom (D:6)
  2 kobold brigands (D:7)
  A scorpion (D:6)
  A necrophage (D:6)
  3 wights
  2 hounds
  A human zombie (Ossuary)
  5 orc priests
  3 jellies
  5 iguanas
  6 orc wizards
  2 hound zombies (Ossuary)
  A mummy (Ossuary)
  3 gnolls (D:2)
  11 adders
  A shadow imp (D:6)
  2 white imps (D:8)
  An ufetubus (D:5)
  An adder zombie (Ossuary)
  A worm (D:2)
  The ghost of leafyfresh the Sneak, a weakling OpDe (D:5)
  3 dart slugs
  37 orcs
  8 endoplasms
  2 giant cockroaches
  A gnoll zombie (Ossuary)
  11 goblins
  6 hobgoblins
  6 jackals (D:4)
  14 kobolds
  5 quokkas
  2 ball pythons
  4 bats
  2 frilled lizards
  2 hobgoblin zombies (Ossuary)
  3 kobold zombies (Ossuary)
  6 rats
  A rat zombie (Ossuary)
191 creatures vanquished.

Vanquished Creatures (collateral kills)
  Grinder (D:6)
  A yak (D:5)
  3 wights
  A hound (D:4)
  A human zombie (Ossuary)
  An orc priest (D:7)
  An iguana (D:5)
  3 mummies (Ossuary)
  2 adders
  A worm (D:3)
  A dart slug (D:4)
  5 orcs
  An endoplasm (D:1)
  A hobgoblin (D:4)
  A jackal (D:4)
  2 kobolds (D:7)
  A ball python (D:2)
27 creatures vanquished.

Vanquished Creatures (others)
  2 wights (D:8)
2 creatures vanquished.

Grand Total: 220 creatures vanquished

Notes
Turn   | Place    | Note
-------+----------+-------------------------------------------
     0 | D:1      | ThatPearl the Demonspawn Necromancer began the quest for
                  | the Orb.
     0 | D:1      | Reached XP level 1. HP: 13/13 MP: 3/3
   172 | D:1      | Found a faded altar of an unknown god.
   278 | D:1      | Gained mutation: You are surrounded by a mild repulsion
                  | field. (EV +2) [demonic ancestry]
   278 | D:1      | Reached XP level 2. HP: 20/20 MP: 3/5
   439 | D:1      | Reached skill level 1 in Fighting
  1088 | D:2      | Gained mutation: A weak demonic guardian rushes to your
                  | aid. [demonic ancestry]
  1088 | D:2      | Reached XP level 3. HP: 26/26 MP: 1/6
  1146 | D:2      | Learned a level 3 spell: Vampiric Draining
  1338 | D:2      | Reached skill level 5 in Necromancy
  1519 | D:2      | Reached XP level 4. HP: 29/33 MP: 4/8
  1994 | D:2      | Learned a level 2 spell: Blink
  2635 | D:3      | Reached XP level 5. HP: 39/39 MP: 6/9
  3409 | D:3      | Found a snail-covered altar of Cheibriados.
  3409 | D:3      | Found a stormy altar of Qazlal.
  3664 | D:4      | Found Niopt's Self-Improvement Boutique.
  3851 | D:4      | Found a staircase to the Ecumenical Temple.
  3880 | Temple   | Entered the Ecumenical Temple
  3891 | Temple   | Became a worshipper of Kikubaaqudgha
  3967 | D:4      | Reached XP level 6. HP: 34/47 MP: 0/11
  4209 | D:4      | Found a hide-covered altar of Uskayaw.
  4214 | D:4      | Noticed a +0 dagger
  4214 | D:4      | Noticed a +0 hand axe
  4241 | D:4      | Reached skill level 6 in Necromancy
  4371 | D:4      | Identified the +2 scale mail of Anaesthesia {rF++ rC-}
  4433 | D:5      | Entered Level 5 of the Dungeon
  4446 | D:5      | Found a sand-covered staircase.
  4448 | D:5      | Found a runed translucent door.
  4450 | D:5      | Noticed leafyfresh's ghost (weakling OpDe)
  4455 | Ossuary  | Entered an ossuary
  4486 | Ossuary  | Reached * piety under Kikubaaqudgha
  4486 | Ossuary  | Received a gift from Kikubaaqudgha
  4908 | Ossuary  | Learned a level 3 spell: Call Canine Familiar
  5207 | D:5      | Reached XP level 7. HP: 54/54 MP: 2/13
  5332 | D:5      | Noticed a yak
  5332 | D:5      | Noticed a yak
  5332 | D:5      | Noticed a yak
  5401 | D:5      | Identified the +6 hand axe "Vuadaxupp" {pain, rPois}
  5526 | D:5      | Reached skill level 1 in Summonings
  5802 | D:5      | Killed a yak
  5810 | D:5      | Killed a yak
  5811 | D:5      | Reached skill level 5 in Spellcasting
  5811 | D:5      | Reached skill level 7 in Necromancy
  5811 | D:5      | Gained mutation: You have a small tail. [demonic ancestry]
  5811 | D:5      | Reached XP level 8. HP: 36/61 MP: 1/15
  5814 | D:5      | Reached skill level 5 in Fighting
  6076 | D:5      | Identified a scroll of acquirement
  6076 | D:5      | Acquired the ring "Ishryeg" {rF+ rC+ Will++}
  6413 | D:5      | Killed leafyfresh's ghost
  6730 | D:6      | Noticed Edmund
  7316 | D:6      | Reached skill level 8 in Necromancy
  7437 | D:6      | Killed Edmund
  7451 | D:6      | Reached ** piety under Kikubaaqudgha
  7727 | D:6      | Gained mutation: You may rarely emit foul miasma when
                  | damaged in melee. [demonic ancestry]
  7727 | D:6      | Reached XP level 9. HP: 69/69 MP: 7/18
  7979 | D:6      | Noticed Grinder
  8013 | D:6      | Killed Grinder
  8434 | D:7      | Reached skill level 5 in Summonings
  8510 | D:7      | Learned a level 3 spell: Summon Guardian Golem
  8738 | D:7      | Reached skill level 9 in Necromancy
  8981 | D:7      | Reached *** piety under Kikubaaqudgha
  8981 | D:7      | Received a gift from Kikubaaqudgha
  8988 | D:7      | Learned a level 5 spell: Borgnjor's Vile Clutch
  9006 | D:7      | Found an iron altar of Okawaru.
 10010 | D:8      | Found a broken altar of Ashenzari.
 10183 | D:8      | Gained mutation: You have a tail ending in a sharp stinger.
                  | [demonic ancestry]
 10183 | D:8      | Reached XP level 10. HP: 76/79 MP: 12/20
 10263 | D:8      | Found a burning altar of Makhleb.
 10404 | D:8      | Found a staircase to the Lair.
 10465 | D:8      | Noticed a glowing orange brain
 10467 | D:8      | Found a transporter.
 10468 | D:8      | Found a viscous altar of Jiyva.
 10629 | D:8      | Reached skill level 1 in Earth Magic
 10800 | D:8      | Noticed Psyche
 10931 | Abyss:1  | Cast into level 1 of the Abyss (Psyche)
 10948 | Abyss:1  | Noticed a starcursed mass
 10983 | Abyss:2  | Mangled by a small abomination

Illustrated notes

Levels and vault maps discovered:
D:1:      dpeg_arrival_connections, layout_rooms,
          shapermc_ecumenical_altar_mp_vishouse, minmay_stone_trees_small,
          nicolae_figureground_sparkle
D:2:      layout_basic
D:3:      layout_loops_ring, gammafunk_temple_overflow_forgotten, serial_rivers,
          chequers_serial_rivers_small_3, chequers_serial_rivers_small_b,
          chequers_serial_rivers_micro_e, chequers_serial_rivers_micro_c,
          chequers_serial_rivers_micro_c, kennysheep_orc_chapel
D:4:      layout_cave_pools, dancing_weapons_uskayaw, temple_pool_b,
          nicolae_shop_self_help
D:5:      layout_basic, ebering_ghost_sewer_d, enter_ossuary_1
D:6:      layout_basic, serial_glass, glass_columns_a, glass_columns_a,
          glass_columns_a, glass_columns_c, nicolae_benzene_ring,
          minmay_diced_spiral, uniq_edmund, uniq_grinder
D:7:      corexii_shack_village, layout_basic, mainiacjoe_overflow_cross_hatched
D:8:      gammafunk_jiyva_shrine, layout_basic,
          mainiacjoe_overflow_catwalk_spiral, lair_entry_dummy, uniq_psyche
Temple:   nicolae_temple_no_exploring_needed
Abyss:2:  base: D:5, evilmike_abyss_exit_6

Skill      XL: |  1  2  3  4  5  6  7  8  9 10 |
---------------+-------------------------------+-----
Fighting       | 1 2 3 4 6 7 |  7.6
Necromancy     | 5 6 7 8 9 |  9.5
Spellcasting   | 3 4 5 6 7 |  7.3
Summonings     | 2 4 6 |  6.1
Dodging        | 2 3 |  3.2
Earth Magic    | 1 |  1.2
Stealth        | |  1.7

Action                   |  1- 3 |  4- 6 |  7- 9 | 10-12 || total
-------------------------+-------+-------+-------+-------++-------
Melee: Unarmed           |    20 |       |       |       ||    20
       Club              |     1 |       |       |       ||     1
       Hand axe          |    22 |    22 |   138 |    41 ||   223
       Punch             |       |     1 |     1 |       ||     2
       War axe           |       |    79 |       |       ||    79
       Tailslap          |       |       |    10 |     5 ||    15
 Cast: Necrotise         |    47 |    92 |   101 |    11 ||   251
       Call Canine Famil |       |     4 |    20 |     4 ||    28
       Vampiric Draining |       |     1 |    27 |     7 ||    35
       Summon Guardian G |       |       |     6 |     2 ||     8
       Borgnjor's Vile C |       |       |       |     1 ||     1
Evoke: Wand              |       |       |     7 |       ||     7
  Use: Scroll            |       |     4 |     2 |       ||     6
 Stab: Sleeping          |     2 |     2 |     2 |       ||     6
       Distracted        |       |       |     2 |       ||     2
Armor: Robe              |     7 |    44 |    40 |    25 ||   116
Dodge: Dodged            |    56 |   158 |   132 |    35 ||   381
